 Dungeon Crawl Stone Soup version 0.16.1-5-gaa23807 (webtiles) character file.

1989 giann the Covert (level 9, 0/39 HPs)
             Began as a Spriggan Enchanter on Mar 28, 2015.
             Slain by an orc wizard
             ... wielding a +0 dagger
              (1 damage)
             ... on level 5 of the Dungeon.
             The game lasted 00:21:26 (6553 turns).

giann the Covert (Spriggan Enchanter)               Turns: 6553, Time: 00:21:26

Health: 0/39       AC:  4    Str:  7    XL:     9   Next: 1%
Magic:  25/27      EV: 18    Int: 17    God:
Gold:   313        SH:  0    Dex: 19    Spells: 6 memorised, 6 levels left

rFire  . . .     SeeInvis +     i - +7 dagger (drain)
rCold  . . .     Clarity  .     b - +2 robe
rNeg   . . .     SustAb   .     (shield restricted)
rPois  .         Gourm    .     (helmet restricted)
rElec  .         Spirit   .     (no cloak)
rCorr  .         Warding  .     (gloves unavailable)
rMut   .         Stasis   .     (boots unavailable)
MR     +....                    (no amulet)
Stlth  ++++++....               l - +3 ring of strength
                                (no ring)

@: about to teleport, very quick, somewhat resistant to hostile enchantments,
very stealthy
A: unfitting armour, see invisible, herbivore 3, speed 3, slow metabolism 2
a: no special abilities


You were on level 5 of the Dungeon.
You were full.

You visited 1 branch of the dungeon, and saw 6 of its levels.

You collected 313 gold pieces.

Inventory:

Hand weapons
 i - a +7 dagger of draining (weapon)
Armour
 b - a +2 robe (worn)
Jewellery
 e - an uncursed ring of flight
 l - a +3 ring of strength (right hand)
Magical devices
 h - a wand of polymorph (6)
Scrolls
 m - a scroll of enchant armour
 n - a scroll of teleportation
 r - 2 scrolls of amnesia
Potions
 a - a potion of restore abilities
 g - 2 potions of haste
 j - a potion of magic
 t - a potion of mutation
 u - a potion of poison {unknown}
 v - a potion of berserk rage {unknown}
 w - 2 potions of brilliance {unknown}
 x - a potion of cancellation {unknown}
Books
 c - a book of Maledictions

   Spells                             Type                      Level
   a - Corona                         Hexes                        1
   b - Sure Blade                     Hexes/Charms                 2
   c - Ensorcelled Hibernation        Hexes/Ice                    2
   d - Confuse                        Hexes                        3
   e - Dazzling Spray                 Conjuration/Hexes            3
   f - Enslavement                    Hexes                        4
Comestibles
 d - a bread ration
 s - a slice of pizza


   Skills:
 * Level 8.3 Short Blades
 - Level 3.0 Dodging
 * Level 11.9 Stealth
 + Level 6.8 Spellcasting
 - Level 3.6 Hexes


You had 6 spell levels left.
You knew the following spells:

 Your Spells              Type           Power        Failure   Level  Hunger
a - Corona                Hex            ###....      2%          1    None
b - Sure Blade            Hex/Chrm       ##........   10%         2    None
c - Ensorcelled Hibernat  Hex/Ice        ##....       10%         2    None
d - Confuse               Hex            ###.....     10%         3    ##.....
e - Dazzling Spray        Conj/Hex       ##......     17%         3    ##.....
f - Enslavement           Hex            ###.....     30%         4    ####...


Dungeon Overview and Level Annotations

Branches:
Dungeon (6/15)
 Temple: D:4-7

Altars:
Cheibriados
Fedhas
Ru
Yredelemnul
The Shining One

Annotations:
D:5 Prince Ribbit


Innate Abilities, Weirdness & Mutations

You are tiny and cannot use many weapons and most armour.
You have supernaturally acute eyesight.
You are a herbivore.
You cover ground extremely quickly.
You need consume almost no food.


Message History

You closely miss the orc wizard.
The orc wizard is heavily wounded.
The orc hits you with a hand axe!
The orc wizard points at you and mumbles some strange words.
The magic dart hits you!
* * * LOW HITPOINT WARNING * * *
You are too injured to fight recklessly!
You are too injured to fight recklessly!
The orc wizard hits you but does no damage.
The orc hits you with a hand axe.
* * * LOW HITPOINT WARNING * * *
You climb upwards.
Level annotation: Prince Ribbit
There is a stone staircase leading down here.
Drink which item? (? for menu, Esc to quit)
Okay, then.
Read which item? (? for menu, Esc to quit)
As you read the scroll of teleportation, it crumbles to dust.
You feel strangely unstable. The orc wizard hits you with a dagger.
You die...

#.........# #..)......#
#.()......# #.........#
######.........#
##.....(.......##
##..####.........#
#####...........o[...#
##.............[@o...# ###
.....................###.##
...########..........##<..#
.### ######.#.......###...#
.# ###......##.....####...#
.# #...############.......#
.###.##########.....###...##
...#.##..<......##### #....#
##...##.##).<.......# #....#


You could see an orc wizard and an orc.

Vanquished Creatures
  Pikel (D:5)
  Grinder (D:5)
  Edmund (D:6)
  3 slaves (D:5)
  An ice beast (D:5)
  3 ogres
  Duvessa (D:4)
  A centaur (D:5)
  Blork the orc (D:4)
  Dowan (D:4)
  A crimson imp (D:5)
  2 hounds
  A jelly (D:5)
  A centaur zombie (D:5)
  3 orc priests
  An iguana (D:6)
  A worker ant (D:5)
  An orc wizard (D:3)
  Jessica (D:3)
  A hound zombie (D:6)
  Robin (D:3)
  10 adders
  4 gnolls (D:5)
  2 giant mites
  2 worms (D:2)
  6 giant geckos
  An ooze (D:3)
  18 orcs
  2 ball pythons (D:3)
  2 bat skeletons
  4 giant cockroaches
  18 goblins
  15 hobgoblins
  7 jackals
  2 quokkas (D:2)
  7 bats
  A giant gecko skeleton (D:5)
  2 giant newts (D:1)
  8 kobolds
  5 rats
144 creatures vanquished.

Vanquished Creatures (others)
  A slave (D:5)
1 creature vanquished.

Grand Total: 145 creatures vanquished

Notes
Turn   | Place    | Note
--------------------------------------------------------------
     0 | D:1      | giann, the Spriggan Enchanter, began the quest for the Orb.
     0 | D:1      | Reached XP level 1. HP: 9/9 MP: 4/4
   220 | D:1      | Reached XP level 2. HP: 7/13 MP: 5/7
   224 | D:1      | Learned a level 2 spell: Sure Blade
   228 | D:1      | Learned a level 2 spell: Ensorcelled Hibernation
   556 | D:1      | Reached skill level 5 in Stealth
   830 | D:2      | Reached XP level 3. HP: 16/16 MP: 11/11
   835 | D:2      | Learned a level 3 spell: Confuse
  1266 | D:2      | Found a sacrificial altar of Ru.
  1417 | D:2      | Reached XP level 4. HP: 21/21 MP: 10/13
  1498 | D:2      | Reached skill level 6 in Stealth
  1890 | D:3      | Noticed Robin
  2057 | D:3      | Found a glowing golden altar of the Shining One.
  2065 | D:3      | Killed Robin
  2181 | D:3      | Reached XP level 5. HP: 17/24 MP: 1/17
  2507 | D:3      | Noticed Jessica
  2511 | D:3      | Killed Jessica
  2511 | D:3      | Reached skill level 7 in Stealth
  2744 | D:3      | Found a snail-covered altar of Cheibriados.
  3096 | D:3      | Reached XP level 6. HP: 28/28 MP: 16/20
  3275 | D:4      | Noticed Blork the orc
  3288 | D:4      | Killed Blork the orc
  3442 | D:4      | Found a basalt altar of Yredelemnul.
  3544 | D:4      | Reached skill level 5 in Short Blades
  3544 | D:4      | Reached skill level 8 in Stealth
  4096 | D:4      | Noticed Duvessa
  4096 | D:4      | Noticed Dowan
  4299 | D:4      | Killed Duvessa
  4299 | D:4      | Reached XP level 7. HP: 12/32 MP: 2/22
  4660 | D:4      | Killed Dowan
  4917 | D:4      | Learned a level 3 spell: Dazzling Spray
  4922 | D:4      | Learned a level 4 spell: Enslavement
  4923 | D:5      | Entered Level 5 of the Dungeon
  4925 | D:5      | Reached skill level 5 in Spellcasting
  4944 | D:5      | Reached skill level 9 in Stealth
  4945 | D:5      | Found a blossoming altar of Fedhas.
  5067 | D:5      | Noticed Pikel
  5104 | D:5      | Noticed Grinder
  5267 | D:5      | Killed Pikel
  5267 | D:5      | Reached skill level 10 in Stealth
  5267 | D:5      | Reached XP level 8. HP: 16/36 MP: 16/25
  5275 | D:5      | Killed Grinder
  5449 | D:5      | Reached skill level 11 in Stealth
  6219 | D:6      | Noticed Edmund
  6248 | D:6      | Killed Edmund
  6312 | D:5      | Noticed Prince Ribbit
  6532 | D:6      | Reached XP level 9. HP: 29/39 MP: 24/27
  6551 | D:6      | HP: 1/39 [orc/hand axe (5)]
  6553 | D:5      | Slain by an orc wizard

Action                   |  1- 3 |  4- 6 |  7- 9 || total
-------------------------+-------+-------+-------++-------
Melee: Dagger            |    76 |   163 |   143 ||   382
 Cast: Corona            |     2 |       |       ||     2
       Ensorcelled Hiber |    11 |    19 |    16 ||    46
       Confuse           |     1 |    17 |    20 ||    38
  Use: Scroll            |     3 |    10 |     6 ||    19
       Potion            |       |       |     2 ||     2
 Stab: Sleeping          |    19 |    19 |    11 ||    49
       Confused          |     1 |     5 |     6 ||    12
       Distracted        |       |     1 |     1 ||     2
  Eat: Bread ration      |       |     1 |     1 ||     2
